 Dungeon Crawl Stone Soup version 0.21.1-1-g345015fe64 (webtiles) character file.

386 Fascinator the Skirmisher (level 6, 0/53 HPs)
             Began as a Mummy Chaos Knight on July 3, 2018.
             Killed by divine providence
             ... invoked by an orc priest
              (10 damage)
             ... on level 5 of the Dungeon.
             The game lasted 00:15:24 (6877 turns).

Fascinator the Skirmisher (Mummy Chaos Knight)      Turns: 6877, Time: 00:15:25

Health: 0/53       AC:  4    Str: 17    XL:     6   Next: 48%
Magic:  8/9        EV: 11    Int: 11    God:    Xom [*.....]
Gold:   912        SH:  0    Dex: 12    Spells: 6/9 levels left

rFire    x . .     SeeInvis .   a - +0 hand axe (chaos)
rCold    + . .     Gourm    .   (no shield)
rNeg     + + +     Faith    .   b - +2 leather armour
rPois    ∞         Spirit   .   t - -2 helmet (curse)
rElec    .         Reflect  .   s - scarf {repulsion}
rCorr    +         Harm     .   (no gloves)
MR       .....                  (no boots)
Stlth    ++........             n - amulet of regeneration
HPRegen  0.57/turn              i - ring of resist corrosion
MPRegen  0.11/turn              j - ring of stealth

@: repel missiles
A: no food or potions, fire vulnerability, cold resistance 1, negative energy
resistance 3, torment resistance, unbreathing
a: Renounce Religion


You were on level 5 of the Dungeon.
You worshipped Xom.
You were a special plaything of Xom.
You were not hungry.

You visited 1 branch of the dungeon, and saw 5 of its levels.

You collected 912 gold pieces.

Inventory:

Hand Weapons
 a - a +0 hand axe of chaos (weapon)
Missiles
 c - 6 javelins (quivered)
 p - 3 tomahawks
Armour
 b - a +2 leather armour (worn)
 d - a +0 helmet
 m - a +0 cloak
 s - a scarf of repulsion (worn)
 t - a cursed -2 helmet (worn)
Jewellery
 i - a ring of resist corrosion (left hand)
 j - a ring of stealth (right hand)
 n - an amulet of regeneration (around neck)
Wands
 l - a wand of flame (15)
Scrolls
 e - 2 scrolls of identify {unknown}
 f - 2 scrolls of blinking {unknown}
 g - a scroll of noise {unknown}
 h - a scroll of teleportation {unknown}
 k - a scroll of amnesia {unknown}
 o - a scroll of fear {unknown}
 r - 2 scrolls of remove curse {unknown}
 u - a scroll of enchant weapon {unknown}
Books
 q - a book of Necromancy

   Spells                             Type                      Level
   a - Pain                           Necromancy                   1
   b - Animate Skeleton               Necromancy                   1
   c - Vampiric Draining              Necromancy                   3
   d - Regeneration                   Charms/Necromancy            3
   e - Animate Dead                   Necromancy                   4
   f - Borgnjor's Vile Clutch         Necromancy/Earth             5


   Skills:
 + Level 6.5 Fighting
 - Level 2.4 Axes
 - Level 1.5 Armour
 - Level 0.7 Dodging
 + Level 2.2 Spellcasting
 + Level 1.7 Necromancy
 + Level 0.8 Evocations


You had 6 spell levels left.
You knew the following spells:

 Your Spells              Type           Power        Failure   Level  Hunger
a - Vampiric Draining     Necr           #.........   43%         3    N/A

Dungeon Overview and Level Annotations

Branches:
Dungeon (5/15)
 Temple: D:4-7

Altars:
Uskayaw
Wu Jian
Xom
Zin
The Shining One

Annotations:
D:3 Pieper's ghost, amateur GrFi
D:4 Dowan; Duvessa; Sigmund; zuik's ghost, amateur OpEE


Innate Abilities, Weirdness & Mutations

You do not eat or drink.
Your flesh is vulnerable to fire.
You are immune to poison.
Your flesh is cold resistant. (rC+)
You are immune to negative energy. (rN+++)
You are immune to unholy pain and torment.
You can survive without breathing.


Message History

You open the door. The giant cockroach closely misses you.
The hound skeleton bites you but does no damage.
You barely miss the orc.
You completely miss the giant cockroach.
You hit the hound skeleton. You burn the hound skeleton.
You hit the giant cockroach.
You feel better.
You barely miss the giant cockroach. The giant cockroach misses you.
The giant cockroach bites you but does no damage.
The hound skeleton bites you. The orc hits you with a falchion.
* * * LOW HITPOINT WARNING * * *
The giant cockroach bites you but does no damage.
The giant cockroach bites you.
* * * LOW HITPOINT WARNING * * *
The giant cockroach bites you.
* * * LOW HITPOINT WARNING * * *
The giant cockroach bites you but does no damage.
The orc priest mumbles some strange prayers to Beogh against you.
Beogh smites you!
You die...
Xom guffaws!

#.........#
#.........#
#.........#
#...5.))..#
#.........#
#.........#
#..o......#
#sZso.....#
#s@soo....#
##o###o...#
... #....#
+....#..o.#
##...#....#
#...# ...#
#...# ....+


You could see 2 orc priests, an orc wizard, a crimson imp, 3 orcs, 4 giant
cockroaches and a hound skeleton.

Vanquished Creatures
  A wolf (D:2)
  A big kobold (D:3)
  A howler monkey (D:4)
  An orc priest (D:4)
  An orc wizard (D:4)
  Terence (D:2)
  2 adders
  A leopard gecko (D:4)
  7 orcs
  8 bats
  3 giant cockroaches (D:2)
  5 goblins
  11 hobgoblins
  A quokka (D:2)
  A ball python (D:3)
  A frilled lizard (D:1)
  19 kobolds
  6 rats
71 creatures vanquished.

Vanquished Creatures (collateral kills)
  Crazy Yiuf (D:2)
1 creature vanquished.

Grand Total: 72 creatures vanquished

Notes
Turn   | Place    | Note
-------+----------+-------------------------------------------
     0 | D:1      | Fascinator the Mummy Chaos Knight began the quest for the Orb.
     0 | D:1      | Reached XP level 1. HP: 18/18 MP: 1/1
   177 | D:1      | Reached XP level 2. HP: 23/24 MP: 2/2
   673 | D:2      | Found an ornate altar of the Wu Jian Council.
   692 | D:2      | Reached skill level 4 in Fighting
   789 | D:2      | Reached XP level 3. HP: 21/30 MP: 3/3
  1154 | D:2      | Noticed Terence
  1156 | D:2      | XOM: potion effect (curing)
  1168 | D:2      | Killed Terence
  1168 | D:2      | Reached skill level 5 in Fighting
  1168 | D:2      | Reached XP level 4. HP: 39/39 MP: 4/4
  1201 | D:2      | XOM: harmless Summ miscast
  1220 | D:2      | Found a runed door.
  1224 | D:2      | Noticed Crazy Yiuf
  1230 | D:2      | XOM: summons 2 friendly demons
  1232 | D:2      | Killed Crazy Yiuf
  1424 | D:2      | XOM: god gift: 47 gold pieces
  2129 | D:1      | XOM: scenery: 2 doors close
  2324 | D:1      | XOM: scenery: 2 doors open
  2579 | D:1      | XOM: summons 3 hostile shadow creatures
  2624 | D:3      | Noticed a big kobold
  2649 | D:3      | Noticed a big kobold
  2661 | D:3      | XOM: enchant monster (good)
  2672 | D:3      | Killed a big kobold
  2672 | D:3      | Reached skill level 6 in Fighting
  2672 | D:3      | Reached XP level 5. HP: 38/46 MP: 5/5
  2753 | D:3      | Noticed Pieper's ghost (amateur GrFi)
  2759 | D:3      | XOM: noise
  2762 | D:3      | XOM: fog
  2765 | D:3      | XOM: summons friendly quasit
  2785 | D:3      | XOM: polymorph quasit -> shadow imp
  2813 | D:2      | HP: 2/46 [hobgoblin/club (3)]
  3020 | D:2      | XOM: scenery: create altars
  3730 | D:3      | Learned a level 3 spell: Vampiric Draining
  3754 | D:3      | Found a glowing golden altar of the Shining One.
  3756 | D:3      | Found a blossoming altar of Fedhas.
  3756 | D:3      | Found a glowing silver altar of Zin.
  3758 | D:3      | Found a shimmering altar of Xom.
  3758 | D:3      | Found a glowing golden altar of the Shining One.
  3758 | D:3      | Found a hide-covered altar of Uskayaw.
  3909 | D:3      | Noticed a wolf
  3909 | D:3      | a big kobold changed into a wolf
  3909 | D:3      | XOM: polymorph big kobold -> wolf
  3913 | D:3      | XOM: scenery: 1 doors close
  3928 | D:2      | Killed a wolf
  3928 | D:2      | Reached skill level 1 in Spellcasting
  3928 | D:2      | Reached skill level 1 in Necromancy
  3928 | D:2      | Reached XP level 6. HP: 14/53 MP: 5/8
  4263 | D:3      | XOM: scenery: 1 doors open
  4549 | D:3      | XOM: god gift: 56 gold pieces
  4833 | D:4      | Noticed Sigmund
  4908 | D:4      | XOM: potion effect (heal wounds)
  4909 | D:4      | Noticed Dowan
  4909 | D:4      | XOM: confuse monster(s)
  4969 | D:3      | XOM: summons friendly shadow imp
  5205 | D:4      | Noticed Duvessa
  5241 | D:3      | XOM: potion effect (haste)
  5248 | D:3      | XOM: cleaving
  5535 | D:2      | XOM: scenery: create altars
  5644 | D:2      | XOM: scenery: create altars
  6127 | D:2      | XOM: divination: magic mapping
  6563 | D:2      | XOM: god gift: 630 gold pieces
  6678 | D:4      | Noticed zuik's ghost (amateur OpEE)
  6714 | D:4      | XOM: enchant monster (good)
  6716 | D:4      | XOM: divination: magic mapping
  6723 | D:4      | XOM: summons 3 hostile demons
  6864 | D:4      | XOM: noise
  6866 | D:5      | XOM: noise
  6866 | D:5      | Entered Level 5 of the Dungeon
  6872 | D:5      | XOM: mild Tmut miscast
  6877 | D:5      | Killed from afar by an orc priest

Skill      XL: |  1  2  3  4  5  6 |
---------------+-------------------+-----
Fighting       | 4 5 6 |  6.5
Spellcasting   | 1 2 |  2.2
Necromancy     | 1 |  1.7
Axes           | |  2.4
Armour         | |  1.5
Dodging        | |  0.7
Evocations     | |  0.8

Action                   |  1- 3 |  4- 6 || total
-------------------------+-------+-------++-------
Melee: Hand axe          |   115 |   126 ||   241
Throw: Javelin           |       |     6 ||     6
 Cast: Vampiric Draining |       |     1 ||     1
Evoke: Wand              |       |     2 ||     2
 Stab: Petrifying        |     1 |       ||     1
       Paralysed         |       |     2 ||     2
       Sleeping          |       |     2 ||     2
       Distracted        |       |     2 ||     2
       Confused          |       |     2 ||     2
Armor: Leather armour    |    64 |    39 ||   103
Dodge: Dodged            |    69 |    78 ||   147
       Deflected         |       |     4 ||     4
